 Dungeon Crawl Stone Soup version 0.28.0-53-g5a82cb258f (webtiles) character file.

Game seed: 8075365071172013218

582 Sin92 the Skirmisher (level 7, -1/55 HPs)
             Began as a Demonspawn Fighter on June 25, 2022.
             Slain by a killer bee (4 damage)
             ... on level 5 of the Dungeon.
             The game lasted 00:13:15 (4832 turns).

Sin92 the Skirmisher (Demonspawn Fighter)           Turns: 4832, Time: 00:13:16

Health: -1/55      AC:  8    Str: 23    XL:     7   Next: 14%
Magic:  7/7        EV: 10    Int: 12    God:
Gold:   144        SH:  5    Dex: 12    Spells: 6/6 levels left

rFire   . . .      SeeInvis .   a - +0 war axe
rCold   . . .      Faith    .   c - +0 buckler
rNeg    . . .      Spirit   .   r - +3 leather armour of Quagg {Will+ Str+5}
rPois   .          Reflect  .   e - +1 hat
rElec   .          Harm     .   (no cloak)
rCorr   .          Rampage  .   i - +0 pair of gloves
Will    +....                   (no boots)
Stlth   +.........              (no amulet)
HPRegen 0.18/turn               (no ring)
MPRegen 0.10/turn               (no ring)

@: lethally poisoned (-1 -> -18)
A: ignite blood 2, big brain 1
a: no special abilities


You were on level 5 of the Dungeon.
You visited 1 branch of the dungeon, and saw 6 of its levels.

You collected 144 gold pieces.

Inventory:

Hand Weapons
 a - a +0 war axe (weapon)
Armour
 b - a +0 scale mail
 c - a +0 buckler (worn)
 e - a +1 hat (worn)
 i - a +0 pair of gloves (worn)
 r - the +3 leather armour of Quagg (worn) {Will+ Str+5}
   (You found it on level 5 of the Dungeon)

   Str:       It affects your strength (+5).
   Will:      It increases your willpower.
Wands
 q - a wand of iceblast (8)
Scrolls
 g - 3 scrolls of identify
 n - 4 scrolls of teleportation
Potions
 d - 2 potions of might
 f - 2 potions of magic
 h - a potion of berserk rage {unknown}
 j - 3 potions of curing
 k - 4 potions of brilliance
 l - a potion of haste
 m - 3 potions of attraction {unknown}
 o - a potion of heal wounds {unknown}
 p - a potion of invisibility {unknown}


   Skills:
 + Level 4.7 Fighting
 * Level 3.9 Axes
 + Level 4.3 Armour
 + Level 0.4 Dodging
 + Level 4.3 Shields
 + Level 0.2 Spellcasting


You had 6 spell levels left.
You didn't know any spells.
Your spell library contained the following spells:

 Spells                   Type           Power      Damage    Failure   Level
 Ozocubu's Armour         Ice            0%         N/A       83%         3
 Portal Projectile        Hex/Tloc       0%         N/A       83%         3
 Airstrike                Air            0%         N/A       99%         4
 Summon Lightning Spire   Summ/Air       0%         N/A       99%         4
 Blade Hands              Tmut           0%         N/A       100%        5
 Excruciating Wounds      Necr           0%         N/A       100%        5
 Lightning Bolt           Conj/Air       0%         1d11      100%        5
 Metabolic Englaciation   Hex/Ice        0%         N/A       100%        5
 Simulacrum               Ice/Necr       0%         N/A       100%        6


Dungeon Overview and Level Annotations

Branches:
Dungeon (6/15)
 Temple: D:4-7

Altars:
Ashenzari
Trog


Innate Abilities, Weirdness & Mutations

Your demonic aura often causes spilled blood to erupt in flames.
You have an unusually large brain. (Int +2)


Message History

The killer bee stings you but does no damage.
The killer bee barely misses you. The killer bee stings you.
You are more poisoned.
The killer bee poisons you!
You climb upwards.
You feel extremely sick.
There is a stone staircase leading down here.
You hit the killer bee but do no damage.
The killer bee is almost dead.
You miss the killer bee. You slash the killer bee!
You feel very sick. The killer bee barely misses you.
The killer bee misses you.
The killer bee stings you but does no damage.
The killer bee closely misses you.
The killer bee stings you but does no damage.
The killer bee closely misses you. The killer bee misses you.
The killer bee stings you.
You are more poisoned.
The killer bee poisons you!
You completely miss the killer bee.
The killer bee is almost dead.
You miss the killer bee. You hit the killer bee.
You feel very sick. You block the killer bee's attack.
The killer bee barely misses you. The killer bee misses you.
The killer bee stings you.
* * * LOW HITPOINT WARNING * * *
The killer bee stings you but does no damage. x2
The killer bee stings you.
* * * LOW HITPOINT WARNING * * *
You are more poisoned.
The killer bee poisons you! The killer bee completely misses you.
You closely miss the killer bee.
The killer bee is almost dead.
You closely miss the killer bee. You miss the killer bee.
* * * LOW HITPOINT WARNING * * *
You feel extremely sick. The killer bee closely misses you.
The killer bee misses you.
The killer bee stings you but does no damage.
The killer bee stings you.
You die...

.####.# ######.#
...)))### #......#
.####...# #.####.#
#####(#.###.# #.#
.##...#...#.# #.#
..#.#####...# #.#
......#...### #.#
.<###.#.########y#
.## #...##.....y@#
## ######.#####y#
#.#####.#
#[##....#
#.##.#### #.##.#
#.##.#
################
##...##.........#


You could see 3 killer bees.

Vanquished Creatures
  An ogre (D:4)
  2 scorpions
  A bullfrog zombie (D:5)
  A centaur zombie (D:5)
  A jelly (D:4)
  An orc priest (D:5)
  4 orc wizards (D:5)
  6 adders
  An ufetubus (D:4)
  An adder skeleton (D:4)
  2 worms
  2 dart slugs
  9 orcs
  6 ball pythons
  4 endoplasms
  4 giant cockroaches
  11 goblins
  7 hobgoblins
  5 jackals
  3 quokkas
  6 bats
  3 frilled lizards
  11 kobolds
  3 rats
95 creatures vanquished.

Vanquished Creatures (others)
  A dart slug (D:1)
  A ball python (D:1)
2 creatures vanquished.

Grand Total: 97 creatures vanquished

Notes
Turn   | Place    | Note
-------+----------+-------------------------------------------
     0 | D:1      | Sin92 the Demonspawn Fighter began the quest for the Orb.
     0 | D:1      | Reached XP level 1. HP: 18/18 MP: 1/1
   295 | D:1      | Gained mutation: Your demonic aura sometimes causes spilled
                  | blood to erupt in flames. [demonic ancestry]
   295 | D:1      | Reached XP level 2. HP: 22/24 MP: 2/2
   700 | D:1      | Reached XP level 3. HP: 25/29 MP: 3/3
  1475 | D:2      | Reached XP level 4. HP: 35/35 MP: 4/4
  1701 | D:2      | Found a faded altar of an unknown god.
  2353 | D:4      | Found a bloodstained altar of Trog.
  2565 | D:4      | Noticed a scorpion
  2570 | D:4      | Killed a scorpion
  2571 | D:4      | Reached XP level 5. HP: 35/40 MP: 5/5
  2590 | D:5      | Entered Level 5 of the Dungeon
  2880 | D:4      | Noticed an ogre
  2889 | D:4      | Killed an ogre
  2890 | D:4      | Gained mutation: Your demonic aura often causes spilled
                  | blood to erupt in flames. [demonic ancestry]
  2890 | D:4      | Reached XP level 6. HP: 13/49 MP: 6/6
  3925 | D:5      | Identified the +3 leather armour of Quagg {Will+ Str+5}
  3967 | D:5      | Gained mutation: You have an unusually large brain. (Int
                  | +2) [demonic ancestry]
  3967 | D:5      | Reached XP level 7. HP: 45/55 MP: 7/7
  4419 | D:5      | Found a broken altar of Ashenzari.
  4832 | D:5      | Slain by a killer bee

Illustrated notes

Levels and vault maps discovered:
D:1:      minmay_arrival_four_loops, layout_rooms, supply_closet_lemuel,
          lemuel_flame_loot_1
D:2:      wander_river, layout_rooms, basic_ecumenical_altar
D:3:      layout_rooms
D:4:      layout_loops_corners, lemuel_tele_altar,
          amcnicky_mini_rare_corridor_liquid, minivault_4
D:5:      layout_loops_ring, lemuel_round_altar
D:6:      layout_rooms, minitemple, minmay_temple_entry_hall, serial_shops,
          nicolae_shop_behind_doors, grunt_tough_drop

Skill      XL: |  1  2  3  4  5  6 |
---------------+-------------------+-----
Axes           | 2 3 |  3.9
Armour         | 3 4 |  4.3
Shields        | 3 4 |  4.3
Fighting       | 4 |  4.7
Dodging        | |  0.4
Spellcasting   | |  0.2

Action                   |  1- 3 |  4- 6 |  7- 9 || total
-------------------------+-------+-------+-------++-------
Melee: War axe           |   110 |   146 |    13 ||   269
Evoke: Wand              |       |     3 |       ||     3
  Use: Scroll            |     2 |     7 |       ||     9
       Potion            |     1 |     1 |       ||     2
Armor: Scale mail        |    73 |    71 |       ||   144
       Leather armour    |       |    15 |     8 ||    23
Dodge: Dodged            |    52 |    74 |    17 ||   143
Block: Buckler           |    38 |    37 |     3 ||    78
